 Dungeon Crawl Stone Soup version 0.32-a0-705-g60f233581c (webtiles) character file.

Game seed: 18176444299512714119

301 ASSMAN the Ruffian (level 6, -1/47 HPs)
             Began as a Gnoll Shapeshifter on Mar 15, 2024.
             Was an Initiate of Qazlal.
             Slain by a quokka (4 damage)
             ... on level 4 of the Dungeon.
             The game lasted 00:02:57 (3013 turns).

ASSMAN the Ruffian (Gnoll Shapeshifter)             Turns: 3013, Time: 00:02:57

Health: -1/47      AC:  2    Str: 15    XL:     6   Next: 37%
Magic:  9/9        EV: 12    Int: 10    God:    Qazlal [......]
Gold:   133        SH:  0    Dex: 11    Spells: 9/9 levels left

rFire   . .          .
                       - Unarmed
rCold   . . .        (no shield)
rNeg    . . .        a - +0 animal skin
rPois   .            (helmet currently unavailable)
rElec   .            (cloak currently unavailable)
rCorr   .            (gloves currently unavailable)
SInv    .            (boots currently unavailable)
Will    .....        (no amulet)
Stlth   ++           (no ring)
HPRegen 0.27/turn    (no ring)
MPRegen 0.11/turn

%: no passive effects
@: beast-form, invisible
A: beast (slay +3), fangs 1, strong nose, distributed training
a: Begin Untransformation, Renounce Religion


You were on level 4 of the Dungeon.
You worshipped Qazlal.
Qazlal was noncommittal.
You were a hulking beast.
You visited 2 branches of the dungeon, and saw 5 of its levels.

You collected 229 gold pieces.
You spent 96 gold pieces at shops.

Inventory:

Armour
 a - a +0 animal skin (worn)
Jewellery
 e - a +6 ring of dexterity
 f - a ring of fire
 k - a ring of ice
Talismans
 c - a beast talisman (active)
 d - a flux talisman
Wands
 l - a wand of digging (4)
Scrolls
 h - 6 scrolls of identify {unknown}
 i - 2 scrolls of poison {unknown}
 m - a scroll of fog {unknown}
 r - a scroll of silence {unknown}
 s - a scroll of revelation {unknown}
 t - a scroll of teleportation {unknown}
Potions
 b - a potion of lignification
 g - a potion of enlightenment {unknown}
 j - 3 potions of curing {unknown}
 n - a potion of degeneration {unknown}
 o - a potion of mutation {unknown}
 q - a potion of haste {unknown}
 u - a potion of magic {unknown}


   Skills:
 + Level 3.3 Fighting
 + Level 2.0 Short Blades
 + Level 2.0 Long Blades
 + Level 2.0 Axes
 + Level 2.0 Maces & Flails
 + Level 2.0 Polearms
 + Level 2.0 Staves
 + Level 2.0 Ranged Weapons
 + Level 2.0 Throwing
 + Level 2.0 Armour
 + Level 5.0 Dodging
 + Level 2.0 Stealth
 + Level 2.0 Shields
 + Level 6.8 Unarmed Combat
 + Level 2.0 Spellcasting
 + Level 1.6 Conjurations
 + Level 1.6 Hexes
 + Level 1.6 Summonings
 + Level 1.6 Necromancy
 + Level 1.6 Translocations
 + Level 1.6 Fire Magic
 + Level 1.6 Ice Magic
 + Level 1.6 Air Magic
 + Level 1.6 Earth Magic
 + Level 1.6 Alchemy
 + Level 2.2 Invocations
 + Level 2.0 Evocations
 + Level 6.8 Shapeshifting


You had 9 spell levels left.
You didn't know any spells.
Your spell library contained the following spells:

 Spells                   Type           Power      Damage    Failure   Level
 Dazzling Flash           Conj/Hex       8%         N/A       43%         3
 Mephitic Cloud           Conj/Alch/Air  4%         N/A       43%         3
 Curse of Agony           Necr           4%         N/A       99%         5
 Silence                  Hex/Air        2%         N/A       99%         5


Dungeon Overview and Level Annotations

Branches:
Dungeon (4/15)             Temple (1/1) D:4

Altars:
Cheibriados
Elyvilon
Fedhas
Gozag
Hepliaklqana
Kikubaaqudgha
Makhleb
Nemelex Xobeh
Okawaru
Qazlal
Sif Muna
Trog
Uskayaw
Vehumet
Wu Jian
Xom
Yredelemnul
Zin
The Shining One

Shops:
D:2 !!*


Innate Abilities, Weirdness & Mutations

You are a hulking beast.
Your limbs bulge with bestial killing power. (Slay +3)
You have very sharp teeth.
Your uncanny sense of smell can sniff out nearby items.
Your experience applies equally to all skills.


Message History

The quokka closely misses you. The quokka bites you.
* * * LOW HITPOINT WARNING * * *
The quokka barely misses you.
You barely miss the orc.
The orc is almost dead.
The orc hits you with a +0 club.
* * * LOW HITPOINT WARNING * * *
The quokka bites you.
* * * LOW HITPOINT WARNING * * *
You fade into invisibility!
The centaur unwields a +0 orcbow.
The centaur closely misses you. x2
The quokka completely misses you. The orc barely misses you.
The centaur completely misses you. The centaur closely misses you.
You closely miss the orc.
The orc is almost dead.
The quokka barely misses you. The orc hits you but does no damage.
The centaur closely misses you. The centaur kicks you.
* * * LOW HITPOINT WARNING * * *
You hit the orc.
You kill the orc!
Qazlal accepts your kill. The centaur closely misses you.
The centaur barely misses you.
You hit the centaur but do no damage. The centaur barely misses you. x2
The quokka misses you. The centaur hits you.
* * * LOW HITPOINT WARNING * * *
The centaur barely misses you. The quokka misses you.
You catch the helpless centaur completely off-guard!
You punch the centaur!
The centaur is heavily wounded.
The centaur hits you.
* * * LOW HITPOINT WARNING * * *
The centaur kicks you but does no damage.
The quokka closely misses you.
You hit the centaur.
The centaur is severely wounded.
The centaur barely misses you.
The centaur kicks you but does no damage.
The quokka bites you.
You die...

.........#....####.........#.#
........##.#.####...........##
.....##o..........##.........##
....#
####..###....#..........## ....
##..####..###.....##..... ...
## #.....##..####..#.....##. ..
.##..#..#......#..#....## .
....##...r.............###.
...#.. ##...h................
#. #.. #..c.....####.##.##..
##.##..###.............##.#..#
....#...##.....##.........#..#
...............##.............
#.......###....##.............
#(......#####.........>..#....
##......#>#.##...............)
#.....................#......


You could see a centaur (unable to see you) and a quokka (unable to see you).

Vanquished Creatures
  2 scorpions
  An orc priest (D:4)
  An iguana (D:3)
  5 adders
  2 ribbon worms
  A dart slug (D:2)
  6 orcs
  11 ball pythons
  8 endoplasms
  3 giant cockroaches
  4 goblins
  6 hobgoblins
  5 quokkas
  3 bats
  6 kobolds
  6 rats
70 creatures vanquished.

Notes
Turn   | Place    | Note
-------+----------+-------------------------------------------
     0 | D:1      | ASSMAN the Gnoll Shapeshifter began the quest for the Orb.
     0 | D:1      | Reached XP level 1. HP: 17/17 MP: 1/1
   296 | D:1      | Reached XP level 2. HP: 22/23 MP: 2/2
   997 | D:2      | Noticed a scorpion
  1001 | D:2      | Killed a scorpion
  1002 | D:2      | Reached skill level 1 in Short Blades
  1002 | D:2      | Reached skill level 1 in Long Blades
  1002 | D:2      | Reached skill level 1 in Axes
  1002 | D:2      | Reached skill level 1 in Maces & Flails
  1002 | D:2      | Reached skill level 1 in Polearms
  1002 | D:2      | Reached skill level 1 in Staves
  1002 | D:2      | Reached skill level 1 in Ranged Weapons
  1002 | D:2      | Reached skill level 1 in Throwing
  1002 | D:2      | Reached skill level 1 in Armour
  1002 | D:2      | Reached skill level 1 in Stealth
  1002 | D:2      | Reached skill level 1 in Shields
  1002 | D:2      | Reached skill level 1 in Spellcasting
  1002 | D:2      | Reached skill level 1 in Invocations
  1002 | D:2      | Reached skill level 1 in Evocations
  1002 | D:2      | Reached XP level 3. HP: 20/28 MP: 2/4
  1002 | D:2      | Reached XP level 4. HP: 24/34 MP: 2/5
  1176 | D:2      | Reached skill level 1 in Conjurations
  1176 | D:2      | Reached skill level 1 in Hexes
  1176 | D:2      | Reached skill level 1 in Summonings
  1176 | D:2      | Reached skill level 1 in Necromancy
  1176 | D:2      | Reached skill level 1 in Translocations
  1176 | D:2      | Reached skill level 1 in Fire Magic
  1176 | D:2      | Reached skill level 1 in Ice Magic
  1176 | D:2      | Reached skill level 1 in Air Magic
  1176 | D:2      | Reached skill level 1 in Earth Magic
  1176 | D:2      | Reached skill level 1 in Alchemy
  1270 | D:2      | Found Nuvaj's General Store.
  1410 | D:2      | Reached XP level 5. HP: 22/40 MP: 7/7
  1668 | D:2      | Found Zyoginim's Distillery.
  1675 | D:2      | Bought a potion of invisibility for 96 gold pieces
  1697 | D:2      | Found Etseub's Distillery.
  1872 | D:3      | Found a basalt altar of Yredelemnul.
  1872 | D:3      | Found a sparkling altar of Nemelex Xobeh.
  2109 | D:3      | Found a bloodstained altar of Trog.
  2191 | D:3      | Found a blossoming altar of Fedhas.
  2621 | D:3      | Found a faded altar of an unknown god.
  2835 | D:4      | Found an iron altar of Okawaru.
  2835 | D:4      | Found a burning altar of Makhleb.
  2867 | D:4      | Reached skill level 5 in Dodging
  2867 | D:4      | Reached XP level 6. HP: 42/47 MP: 8/8
  2867 | D:4      | Found a staircase to the Ecumenical Temple.
  2884 | Temple   | Entered the Ecumenical Temple
  2952 | Temple   | Became a worshipper of Qazlal Stormbringer
  3013 | D:4      | Slain by a quokka

Illustrated notes

Levels and vault maps discovered:
D:1:      roderic_chinese_lattice_arrival, layout_basic, kennysheep_flooded_box
D:2:      layout_loops_cross, serial_shops, shop, shop, shop_fountains,
          minmay_fractal_squares_5
D:3:      layout_loops_ring, mainiacjoe_overflow_surrounded_room,
          mainiacjoe_overflow_boulevard, gammafunk_temple_overflow_elements,
          hellmonk_ecumenical_altar_prayer_group
D:4:      layout_cave_pools, gammafunk_temple_overflow_pools,
          minmay_temple_entry_proselytizer
Temple:   nicolae_temple_ecumenical_triangle

Skill      XL: |  1  2  3  4  5  6 |
---------------+-------------------+-----
Short Blades   | 1 2 |  2.0
Long Blades    | 1 2 |  2.0
Axes           | 1 2 |  2.0
Maces & Flails | 1 2 |  2.0
Polearms       | 1 2 |  2.0
Staves         | 1 2 |  2.0
Ranged Weapons | 1 2 |  2.0
Throwing       | 1 2 |  2.0
Armour         | 1 2 |  2.0
Stealth        | 1 2 |  2.0
Shields        | 1 2 |  2.0
Spellcasting   | 1 2 |  2.0
Invocations    | 1 2 |  2.2
Evocations     | 1 2 |  2.0
Conjurations   | 1 |  1.6
Hexes          | 1 |  1.6
Summonings     | 1 |  1.6
Necromancy     | 1 |  1.6
Translocations | 1 |  1.6
Fire Magic     | 1 |  1.6
Ice Magic      | 1 |  1.6
Air Magic      | 1 |  1.6
Earth Magic    | 1 |  1.6
Alchemy        | 1 |  1.6
Fighting       | 3 |  3.3
Dodging        | 5 |  5.0
Unarmed Combat | |  6.8
Shapeshifting  | |  6.8

Action                     |  1- 3 |  4- 6 || total
---------------------------+-------+-------++-------
  Melee: Unarmed           |    22 |   129 ||   151
         Punch             |     3 |     4 ||     7
         Bite              |     2 |    10 ||    12
    Use: Potion            |       |     1 ||     1
   Stab: Sleeping          |       |    10 ||    10
         Invisible         |       |     1 ||     1
 Armour: Animal skin       |     7 |    63 ||    70
  Dodge: Dodged            |     9 |    73 ||    82

Table legend: (Time is in decaauts)
 A = Elapsed time spent in this place.
 B = Non-inter-level travel time spent in this place.
 C = Inter-level travel time spent in this place.
 D = Time resting spent in this place.
 E = Time spent auto-exploring this place.
 F = Levels seen in this place.
 G = Mean time per level.
                   A        B        C        D        E       F      G
               +--------+--------+--------+--------+--------+-----+--------+
         Total |   2993 |   2883 |    110 |      0 |   2504 |   5 |  598.6 |
       Dungeon |   2916 |   2815 |    101 |      0 |   2445 |   4 |  729.0 |
        Temple |     77 |     68 |      9 |      0 |     59 |   1 |   77.0 |
               +--------+--------+--------+--------+--------+-----+--------+

Top non-repeatable levels by time:
     D:1: 949 daAuts
     D:3: 855 daAuts
     D:2: 847 daAuts
     D:4: 263 daAuts
  Temple: 77 daAuts
